 Dungeon Crawl Stone Soup version 0.19-a0-1071-g4ed3155 (webtiles) character file.

17091 4thArraOfDagon the Severer (level 12, -4/90 HPs)
             Began as a Minotaur Berserker on Aug 5, 2016.
             Was an Elder of Trog.
             Slain by an eight-headed hydra (6 damage)
             ... on level 6 of the Lair of Beasts.
             The game lasted 00:18:25 (2737 turns).

4thArraOfDagon the Severer (Minotaur Berserker)     Turns: 2737, Time: 00:18:26

Health: -4/90      AC: 14    Str: 26    XL:     12   Next: 15%
Magic:  11/11      EV: 14    Int:  4    God:    Trog [****..]
Gold:   130        SH:  0    Dex: 11    Spells: 0 memorised, 11 levels left

rFire  + . .     SeeInvis .     I - +3 battleaxe
rCold  . . .     Gourm    .     J - +0 scale mail (curse)
rNeg   . . .     Faith    +     (shield currently unavailable)
rPois  .         Spirit   .     (helmet restricted)
rElec  .         Dismiss  .     A - +0 cloak
rCorr  .         Reflect  .     K - +2 pair of gloves
SustAt .         Harm     .     (no boots)
MR     ++...                    y - amulet of faith
Stlth  ..........               F - ring of protection from fire
                                o - +3 ring of evasion

@: regenerating, hasted, very quick
A: retaliatory headbutt, horns 2
a: Berserk, Trog's Hand, Brothers in Arms, Burn Spellbooks, Renounce Religion


You were on level 6 of the Lair of Beasts.
You worshipped Trog.
Trog was greatly pleased with you.
You were hungry.

You visited 2 branches of the dungeon, and saw 18 of its levels.

You collected 211 gold pieces.
You spent 81 gold pieces at shops.

Inventory:

Hand Weapons
 a - a +0 hand axe
 h - a +1 flail of crushing
 H - a +2 hand axe of flaming
 I - a +3 battleaxe (weapon)
Missiles
 v - 9 curare-tipped needles
Armour
 b - a +0 animal skin
 i - a +0 chain mail
 j - the +1 robe of Curiosity {rF+ rCorr, unknown}
   (You found it on level 10 of the Dungeon)

   It protects you from fire.
   It protects you from acid and corrosion.
 l - a +0 pair of gloves
 q - a +0 plate armour
 A - a +0 cloak (worn)
 G - a +2 scale mail of positive energy
 J - a cursed +0 scale mail (worn)
 K - a +2 pair of gloves (worn)
 S - a +2 buckler
Jewellery
 o - a +3 ring of evasion (left hand)
 t - an uncursed amulet of rage
 y - an amulet of faith (around neck)
 F - a ring of protection from fire (right hand)
Wands
 Q - a wand of paralysis (10/24)
Scrolls
 d - 2 scrolls of recharging {unknown}
 g - 3 scrolls of magic mapping
 n - 2 scrolls of enchant armour {unknown}
 w - a scroll of teleportation
 B - a scroll of fear {unknown}
 D - 3 scrolls of remove curse {unknown}
 E - a scroll of torment {unknown}
 L - 2 scrolls of enchant weapon {unknown}
Potions
 e - 2 potions of brilliance
 f - a potion of mutation {unknown}
 k - a potion of resistance {unknown}
 m - a potion of ambrosia
 p - 3 potions of heal wounds {unknown}
 r - a potion of curing
 C - 2 potions of flight {unknown}
 M - 2 potions of degeneration {unknown}
 N - a potion of lignification {unknown}
Miscellaneous
 R - a lamp of fire
Comestibles
 c - 9 bread rations
 s - 4 meat rations
 z - 5 beef jerkies
 O - 3 fruits
 P - 15 chunks of flesh


   Skills:
 - Level 3.6 Fighting
 * Level 19.1 Axes
 - Level 12.0 Armour
 - Level 2.1 Dodging


You had 11 spell levels left.
You didn't know any spells.

Dungeon Overview and Level Annotations

Branches:
Dungeon (12/15)            Temple (0/1) D:7            Lair (6/6) D:9
  Slime (0/5) Lair:6
  Swamp: Lair:2-4    Shoals: Lair:2-4     Snake: Lair:2-4    Spider: Lair:2-4
    Orc: D:9-12

Altars:
Cheibriados
Nemelex Xobeh
Pakellas
Qazlal
Uskayaw
Zin
Jiyva

Shops:
D:7 *![

Annotations:
D:5 crawlian's ghost, novice DEFE
D:12 Xiguana's ghost, novice TeCj


Innate Abilities, Weirdness & Mutations

You reflexively headbutt those who attack you in melee.
You have a pair of horns on your head.


Message History

* * * LOW HITPOINT WARNING * * *
The spriggan rider struggles against the net.
Unknown command.
Unknown command.
Unknown command.
Unknown command.
You feel yourself speed up.
You feel less exhausted.
You are feeling hungry.
The eight-headed hydra bites you.
* * * LOW HITPOINT WARNING * * *
The eight-headed hydra bites you.
* * * LOW HITPOINT WARNING * * *
The eight-headed hydra bites you!
* * * LOW HITPOINT WARNING * * *
The eight-headed hydra misses you.
The eight-headed hydra completely misses you.
The eight-headed hydra bites you but does no damage.
The eight-headed hydra bites you.
You die...

♣♣.#....).........##'##.....#..
.
♣....#........)...............
♣..P#...........†.#........PPP
♣................###.(......PP
♣♣...........#.t..###....P.#.
♣♣..#.....†.†...## ##....##
♣...............# ##...#
♣#...#.....P..P##


..PPP ♣♣...P......@.P# #..P... ♣.........iDF## ...... ♣....#.#P..i..# ..#...
♣♣.÷..####...## ...... ♣..)####.|.#.# ♣.#...##)...#.# ♣♣....###..#####
♣...........# ♣.......†...### You could see an eight-headed hydra, a spriggan
rider (caught), a fire crab, a spiny frog and a spriggan.

Vanquished Creatures
  6 death yaks
  A hill giant (D:12)
  A deep elf mage (D:12)
  5 elephants (Lair:5)
  A centaur zombie (D:12)
  2 rime drakes
  A spiny frog (Lair:6)
  A komodo dragon (Lair:6)
  A troll (D:9)
  A two-headed ogre (D:12)
  9 slime creatures (D:12)
  A blink frog (Lair:3)
  4 spriggans (Lair:6)
  A wyvern (D:9)
  3 yaks (D:9)
  A hungry ghost (D:9)
  3 hippogriffs
  Edmund (D:4)
  A porcupine (Lair:4)
  A water moccasin (Lair:6)
  3 orc warriors
  2 sky beasts
  An ice beast (D:8)
  2 black bears
  2 ogres
  A wasp (Lair:6)
  8 wolves (Lair:6)
  A boggart (Lair:6)
  A centaur (D:6)
  3 crocodiles
  A big kobold (D:12)
  A giant frog (D:3)
  3 scorpions
  6 killer bees
  16 wights
  2 crimson imps
  5 jellies
  5 orc priests
  8 hounds
  6 orc wizards
  Terence (D:2)
  A giant frog skeleton (D:9)
  2 iguanas
  5 worker ants
  2 sheep (D:12)
  Robin (D:3)
  3 adders
  23 river rats
  A shadow imp (D:8)
  3 oozes (Lair:6)
  2 adder skeletons
  3 adder zombies (D:9)
  A worm (D:6)
  A dart slug (D:2)
  A giant gecko (D:9)
  24 orcs
  A ball python (D:3)
  A bat (D:2)
  3 giant cockroaches
  11 goblins
  6 hobgoblins
  A jackal (D:9)
  7 quokkas
  A giant gecko skeleton (D:6)
  2 giant newts
  4 kobolds
  A rat (D:1)
  A fungus (Lair:6)
235 creatures vanquished.

Vanquished Creatures (others)
  A kobold demonologist (D:12)
  A fulminant prism (D:12)
2 creatures vanquished.

Grand Total: 237 creatures vanquished

Notes
Turn   | Place    | Note
-------+----------+-------------------------------------------
     0 | D:1      | 4thArraOfDagon the Minotaur Berserker began the quest for the Orb.
     0 | D:1      | Reached XP level 1. HP: 19/19 MP: 0/0
     5 | D:1      | 4thArraOfDagon: pleaase leave
     5 | D:1      | 4thArraOfDagon: i'm have horrible lags with spects
    21 | D:1      | 4thArraOfDagon: i'm have horrible lags with spects
    21 | D:1      | 4thArraOfDagon: whenever someone interacts with his window
    21 | D:1      | 4thArraOfDagon: :(
    63 | D:2      | 4thArraOfDagon: dont refresh
    63 | D:2      | 4thArraOfDagon: rejoin etc
    77 | D:2      | Reached skill level 4 in Axes
    78 | D:2      | Reached XP level 2. HP: 26/26 MP: 1/1
    92 | D:2      | Noticed Terence
   114 | D:2      | Killed Terence
   114 | D:2      | Reached skill level 5 in Axes
   114 | D:2      | Reached XP level 3. HP: 25/31 MP: 2/2
   229 | D:3      | Noticed Robin
   237 | D:3      | Reached ** piety under Trog
   240 | D:3      | Killed Robin
   240 | D:3      | Reached XP level 4. HP: 30/39 MP: 3/3
   256 | D:3      | Noticed a giant frog
   262 | D:3      | Killed a giant frog
   262 | D:3      | Reached skill level 6 in Axes
   262 | D:3      | Reached XP level 5. HP: 22/45 MP: 4/4
   296 | D:4      | Noticed Edmund
   319 | D:4      | Killed Edmund
   365 | D:5      | Entered Level 5 of the Dungeon
   418 | D:5      | Noticed crawlian's ghost (novice DEFE)
   436 | D:6      | Reached skill level 7 in Axes
   436 | D:6      | Reached XP level 6. HP: 43/51 MP: 5/5
   535 | D:6      | Reached skill level 5 in Armour
   550 | D:6      | Noticed an orc warrior
   607 | D:6      | Killed an orc warrior
   607 | D:6      | Reached skill level 8 in Axes
   607 | D:6      | Reached XP level 7. HP: 15/57 MP: 6/6
   789 | D:7      | Found Ohetzeo's Antique Armour Shoppe.
   809 | D:7      | Reached skill level 9 in Axes
   898 | D:7      | Found a staircase to the Ecumenical Temple.
   926 | D:7      | Reached XP level 8. HP: 56/64 MP: 7/7
   969 | D:7      | Reached skill level 10 in Axes
   992 | D:7      | Found a snail-covered altar of Cheibriados.
   995 | D:7      | Found a sparkling altar of Nemelex Xobeh.
   996 | D:7      | Found an oddly glowing altar of Pakellas.
   996 | D:7      | Found Sethrezetz's Assorted Antiques.
   998 | D:7      | Found a glowing silver altar of Zin.
   998 | D:7      | Found a hide-covered altar of Uskayaw.
   999 | D:7      | Found a stormy altar of Qazlal.
  1010 | D:7      | Bought a scroll labeled YSHECZ SUTEQ for 27 gold pieces
  1010 | D:7      | Bought a scroll labeled URIFEPL WODUDWIE for 27 gold pieces
  1010 | D:7      | Bought a scroll labeled WONLIO CAKITAO for 27 gold pieces
  1038 | D:7      | Found Upuricogy's Distillery.
  1207 | D:9      | Reached skill level 11 in Axes
  1254 | D:9      | Reached XP level 9. HP: 48/70 MP: 8/8
  1277 | D:9      | Reached skill level 12 in Axes
  1342 | D:9      | Reached *** piety under Trog
  1455 | D:9      | You fall through a shaft for 2 floors!
  1484 | D:12     | Killed a large slime creature
  1484 | D:12     | Reached skill level 13 in Axes
  1485 | D:12     | Killed a large slime creature
  1486 | D:12     | Reached skill level 10 in Armour
  1531 | D:12     | Reached XP level 10. HP: 77/77 MP: 9/9
  1534 | D:12     | Reached skill level 14 in Axes
  1602 | D:12     | Noticed a hill giant
  1608 | D:12     | Reached **** piety under Trog
  1609 | D:12     | Reached skill level 15 in Axes
  1610 | D:12     | Noticed a cyclops
  1616 | D:12     | Noticed Xiguana's ghost (novice TeCj)
  1616 | D:12     | Killed a hill giant
  1624 | D:12     | Noticed a soul eater
  1723 | D:12     | Noticed a deep elf mage
  1729 | D:12     | Killed a deep elf mage
  1753 | D:10     | Entered Level 10 of the Dungeon
  1777 | D:10     | Got a distressingly furry robe
  1869 | D:9      | Reached XP level 11. HP: 68/82 MP: 10/10
  1870 | D:9      | Reached skill level 16 in Axes
  1896 | D:9      | Found a staircase to the Lair.
  1942 | Lair:1   | Entered Level 1 of the Lair of Beasts
  2073 | Lair:4   | Noticed a death yak
  2131 | Lair:4   | Killed a death yak
  2283 | Lair:5   | Reached ***** piety under Trog
  2308 | Lair:6   | Entered Level 6 of the Lair of Beasts
  2308 | Lair:6   | Noticed a death yak
  2308 | Lair:6   | Noticed a death yak
  2308 | Lair:6   | Noticed a death yak
  2311 | Lair:6   | Noticed a death yak
  2311 | Lair:6   | Noticed a death yak
  2321 | Lair:6   | Killed a death yak
  2322 | Lair:6   | Killed a death yak
  2323 | Lair:6   | Killed a death yak
  2323 | Lair:6   | Reached skill level 17 in Axes
  2325 | Lair:6   | Killed a death yak
  2333 | Lair:6   | Killed a death yak
  2392 | Lair:5   | Reached skill level 18 in Axes
  2436 | Lair:5   | HP: 3/82 [elephant (13)]
  2524 | Lair:6   | Found a runed door.
  2524 | Lair:6   | Found a viscous altar of Jiyva.
  2524 | Lair:6   | Found a staircase to the Slime Pits.
  2538 | Lair:6   | Received a gift from Trog
  2563 | Lair:6   | Reached XP level 12. HP: 40/90 MP: 11/11
  2676 | Lair:6   | Reached skill level 19 in Axes
  2687 | Lair:6   | Received a gift from Trog
  2691 | Lair:6   | :(
  2720 | Lair:6   | Noticed a seven-headed hydra
  2737 | Lair:6   | HP: 2/90 [eight-headed hydra (9)]
  2737 | Lair:6   | Slain by an eight-headed hydra

Vault maps used:
D:1:      dpeg_arrival_chase
D:2:      first_bread, uniq_crazy_yiuf_cottage, uniq_terence
D:3:      portal_sewer_entry_b, uniq_robin
D:4:      serial_shops, shop, uniq_edmund
D:5:      minitemple, minivault_14, uniq_pikel
D:6:      corexii_corridor_pit, st_stairs_11
D:7:      grunt_temple_overflow_open, serial_shops,
          nicolae_shop_competitors_out_of_business,
          nicolae_shop_temple_entry_statues_fountains,
          nicolae_shop_competitors_out_of_business, nicolae_shop_trees, shop,
          grunt_ogre_cave
D:8:      basic_loot_grate_trap
D:9:      erik_lair_island, st_stairs_10
D:10:     serial_shops, nicolae_shop_crystal, uniq_erica, uniq_josephine
D:11:     serial_column_ruins, column_ruins_square_large,
          column_ruins_columns_straight, column_ruins_open_tiny,
          column_ruins_open_medium
D:12:     minmay_orc_entry_temple_small
Lair:2:   grunt_megastairs_4, infiniplex_staircase_pool
Lair:3:   minmay_swamp_entry_worms, infiniplex_staircase_pool_2
Lair:4:   minmay_snake_entry_guardpost_medium, minivault_27,
          beast_lair_carwin_10
Lair:5:   grunt_megastairs_5
Lair:6:   minmay_lair_end_enchanted_forest, slime_altar_2, serial_bayou_pond_b,
          lemuel_fruit_tree

Skill      XL: |  1  2  3  4  5  6  7  8  9 10 11 12 |
---------------+-------------------------------------+-----
Axes           | 4 5 6 7 8 9 11 13 15 18 19 | 19.1
Armour         | 3 4 5 6 8 10 11 12 | 12.0
Fighting       | |  3.6
Dodging        | |  2.1

Action                   |  1- 3 |  4- 6 |  7- 9 | 10-12 || total
-------------------------+-------+-------+-------+-------++-------
Melee: Hand axe          |    21 |    53 |   116 |       ||   190
       Headbutt          |     2 |     8 |    21 |    46 ||    77
       Battleaxe         |       |       |    33 |   258 ||   291
Throw: Throwing net      |       |       |       |     4 ||     4
Invok: Berserk           |     3 |     3 |     9 |     9 ||    24
       Trog's Hand       |       |     2 |    10 |    14 ||    26
  Use: Scroll            |       |       |     2 |     5 ||     7
       Potion            |       |       |       |     5 ||     5
 Stab: Held in net/web   |       |       |       |     3 ||     3
  Eat: Chunk             |       |     4 |    15 |    15 ||    34
       Beef jerky        |       |     1 |       |     3 ||     4
       Pizza             |       |       |     1 |       ||     1
Armor: Animal skin       |     6 |       |       |       ||     6
       Chain mail        |    19 |    10 |       |       ||    29
       Plate armour      |       |    17 |    31 |       ||    48
       Scale mail        |       |       |    35 |   144 ||   179
Dodge: Dodged            |    18 |    35 |   112 |   220 ||   385
